 Dungeon Crawl Stone Soup version 0.27.1-2-g3b301248ec (webtiles) character file.

Game seed: 10780647838145612721

1600 Crownlay the Fighter (level 8, -4/83 HPs)
             Began as a Minotaur Monk on Sept 22, 2021.
             Killed from afar by a steam dragon (9 damage)
             ... with a ball of steam
             ... on level 6 of the Dungeon.
             The game lasted 00:14:53 (5568 turns).

Crownlay the Fighter (Minotaur Monk)                Turns: 5568, Time: 00:14:54

Health: -4/83      AC:  8    Str: 16    XL:     8   Next: 62%
Magic:  7/7        EV: 10    Int:  9    God:
Gold:   297        SH: 11    Dex: 15    Spells: 7/7 levels left

rFire    . . .     SeeInvis .   a - +0 falchion
rCold    + . .     Faith    .   t - +3 kite shield of the Apprentice {Will+ Int+2}
rNeg     + . .     Spirit   .   n - +3 leather armour {rC+}
rPois    .         Reflect  .   (helmet restricted)
rElec    .         Harm     .   (no cloak)
rCorr    .         Rampage  .   e - +0 pair of gloves
Will     +....                  q - +0 pair of boots
Stlth    ++........             (no amulet)
HPRegen  0.23/turn              c - ring of positive energy
MPRegen  0.10/turn              (no ring)

@: no status effects
A: horns 2, retaliatory headbutt
a: no special abilities


You were on level 6 of the Dungeon.
You visited 2 branches of the dungeon, and saw 7 of its levels.

You collected 297 gold pieces.

Inventory:

Hand Weapons
 a - a +0 falchion (weapon)
Missiles
 k - 3 throwing nets
 r - 20 poisoned darts (quivered)
Armour
 e - a +0 pair of gloves (worn)
 n - a +3 leather armour of cold resistance (worn)
 q - a +0 pair of boots (worn)
 t - the +3 kite shield of the Apprentice (worn) {Will+ Int+2}
   (You found it on level 5 of the Dungeon)

   Int:       It affects your intelligence (+2).
   Will:      It increases your willpower.
Jewellery
 c - a ring of positive energy (left hand)
Wands
 m - a wand of paralysis (8)
Scrolls
 b - 2 scrolls of fog
 g - 3 scrolls of teleportation
 h - a scroll of acquirement {unknown}
 l - 2 scrolls of brand weapon
 o - 2 scrolls of magic mapping {unknown}
 s - 2 scrolls of enchant armour
 v - a scroll of immolation {unknown}
Potions
 d - a potion of flight
 f - a potion of ambrosia {unknown}
 j - a potion of curing {unknown}
 p - a potion of mutation {unknown}
 u - a potion of lignification {unknown}


   Skills:
 - Level 12.0 Fighting
 - Level 3.6 Long Blades
 * Level 3.9 Armour
 * Level 4.5 Dodging
 - Level 1.5 Stealth
 + Level 1.4 Shields


You had 7 spell levels left.
You didn't know any spells.
Your spell library contained the following spells:

 Spells                   Type           Power      Damage    Failure   Level
 Animate Skeleton         Necr           0%         N/A       96%         1
 Freeze                   Ice            0%         1d3       96%         1
 Pain                     Necr           0%         1d4       96%         1
 Sting                    Tmut/Pois      0%         1d3       96%         1
 Sublimation of Blood     Necr           0%         N/A       99%         2
 Frozen Ramparts          Ice            0%         1d2       100%        3
 Vampiric Draining        Necr           0%         2d6       100%        3
 Hailstorm                Conj/Ice       0%         3d3       100%        4
 Petrify                  Tmut/Erth      0%         N/A       100%        4
 Summon Ice Beast         Ice/Summ       0%         N/A       100%        4
 Irradiate                Conj/Tmut      0%         3d14      100%        5


Dungeon Overview and Level Annotations

Branches:
Dungeon (6/15)             Temple (1/1) D:6

Altars:
Ashenzari
Elyvilon
Hepliaklqana
Kikubaaqudgha
Makhleb
Nemelex Xobeh
Okawaru
Ru
Sif Muna
Vehumet
Wu Jian
Xom
Yredelemnul
The Shining One

Shops:
D:1 [:*

Annotations:
D:2 exclusion: downstairs


Innate Abilities, Weirdness & Mutations

You have a pair of horns on your head.
You reflexively headbutt those who attack you in melee.


Message History

A steam dragon comes into view.
The steam dragon hisses angrily.
A steam dragon is nearby!
The steam dragon breathes steam at you. The ball of steam hits you!
You hit the steam dragon but do no damage.
You are engulfed in a cloud of scalding steam.
The steam dragon breathes steam at you. The ball of steam hits you!!
You barely miss the steam dragon.
You are engulfed in a cloud of scalding steam.
The steam dragon bites you.
The steam dragon claws you but does no damage.
The steam dragon breathes steam at you. The ball of steam hits you!!
* * * LOW HITPOINT WARNING * * *
You are too injured to fight recklessly!
You are too injured to fight recklessly!
You are too injured to fight recklessly!
You are too injured to fight recklessly!
You slash the steam dragon! You headbutt the steam dragon.
The steam dragon is heavily wounded.
You are engulfed in a cloud of scalding steam.
* * * LOW HITPOINT WARNING * * *
The steam dragon closely misses you. You furiously retaliate!
You headbutt the steam dragon. The steam dragon closely misses you.
Okay, then.
You barely miss the steam dragon. You headbutt the steam dragon.
The steam dragon is severely wounded.
You are engulfed in a cloud of scalding steam.
* * * LOW HITPOINT WARNING * * *
You block the steam dragon's attack. The steam dragon claws you.
* * * LOW HITPOINT WARNING * * *
You closely miss the steam dragon. Your headbutt misses the steam dragon.
The steam dragon is severely wounded.
You block the steam dragon's attack.
The steam dragon claws you but does no damage.
The steam dragon breathes steam at you. The ball of steam hits you!
You die...

###
#....#############
#..D@..ยง......####
###########......#
#...##.# ######.#
####### #.# #.....#
#.# #. ### #.....#
#.# .. ..# #.....#
#.# #.##.# #.....#
#.#


You could see a steam dragon (catching breath).

Vanquished Creatures
  Grinder (D:3)
  Prince Ribbit (D:5)
  Sigmund (D:3)
  An ice beast (D:5)
  2 black bears (D:4)
  5 killer bees (D:4)
  A jelly (D:4)
  4 orc priests
  Jessica (D:3)
  Ijyb (D:3)
  Terence (D:3)
  An iguana (D:6)
  3 orc wizards (D:4)
  A hound zombie (D:5)
  15 gnolls
  2 adders (D:5)
  A worm (D:3)
  19 orcs
  8 ball pythons
  5 endoplasms
  4 giant cockroaches
  8 goblins
  4 hobgoblins
  3 kobolds
  3 quokkas
  8 bats
  3 frilled lizards
  6 rats
113 creatures vanquished.

Vanquished Creatures (others)
  2 plants
2 creatures vanquished.

Grand Total: 115 creatures vanquished

Notes
Turn   | Place    | Note
-------+----------+-------------------------------------------
     0 | D:1      | Crownlay the Minotaur Monk began the quest for the Orb.
     0 | D:1      | Reached XP level 1. HP: 19/19 MP: 0/0
    76 | D:1      | Found Anaara Tuwk's Assorted Antiques.
    79 | D:1      | Reached skill level 4 in Fighting
    90 | D:1      | Found Emisuned's Book Emporium.
   106 | D:1      | Found Saosk's Antique Armour Shoppe.
   108 | D:1      | Reached XP level 2. HP: 28/28 MP: 1/1
   539 | D:1      | Found a faded altar of an unknown god.
   855 | D:2      | Reached skill level 5 in Fighting
  1216 | D:3      | Noticed Terence
  1262 | D:3      | Reached XP level 3. HP: 36/36 MP: 2/2
  1604 | D:3      | Reached skill level 6 in Fighting
  1604 | D:3      | Reached XP level 4. HP: 20/44 MP: 3/3
  1807 | D:3      | Noticed Ijyb
  1815 | D:3      | Killed Ijyb
  1886 | D:3      | Noticed Jessica
  1887 | D:3      | Found a basalt altar of Yredelemnul.
  1902 | D:3      | Killed Jessica
  1903 | D:3      | Reached skill level 7 in Fighting
  1903 | D:3      | Reached XP level 5. HP: 44/52 MP: 4/4
  2023 | D:3      | Found a white marble altar of Elyvilon.
  2076 | D:3      | Noticed Grinder
  2394 | D:3      | Killed Terence
  2737 | D:3      | Noticed Sigmund
  2745 | D:3      | Killed Sigmund
  2746 | D:3      | Reached skill level 8 in Fighting
  2746 | D:3      | Reached XP level 6. HP: 62/62 MP: 5/5
  2776 | D:3      | Paralysed by Grinder for 3 turns
  2780 | D:3      | Paralysed by Grinder for 3 turns
  2790 | D:3      | Killed Grinder
  2791 | D:3      | Reached skill level 9 in Fighting
  2791 | D:3      | Reached XP level 7. HP: 55/71 MP: 6/6
  2957 | D:4      | Reached skill level 10 in Fighting
  3480 | D:4      | Reached skill level 11 in Fighting
  3561 | D:4      | Reached XP level 8. HP: 34/82 MP: 7/7
  3570 | D:4      | HP: 3/82 [poisoned by a killer bee]
  3944 | D:4      | Got Wemor's Collected Works on the Escort and Contamination
  4108 | D:4      | Found a radiant altar of Vehumet.
  4127 | D:4      | Reached skill level 12 in Fighting
  4134 | D:4      | Found an ancient bone altar of Kikubaaqudgha.
  4139 | D:4      | Reached skill level 1 in Armour
  4146 | D:4      | Found a shimmering blue altar of Sif Muna.
  4236 | D:5      | Entered Level 5 of the Dungeon
  4299 | D:5      | Noticed Prince Ribbit
  4487 | D:5      | Identified the +3 kite shield of the Apprentice {Will+
                  | Int+2}
  4759 | D:5      | Killed Prince Ribbit
  4760 | D:5      | Reached skill level 1 in Shields
  5156 | D:6      | Found a staircase to the Ecumenical Temple.
  5162 | Temple   | Entered the Ecumenical Temple
  5568 | D:6      | Killed from afar by a steam dragon

Illustrated notes

Levels and vault maps discovered:
D:1:      mainiacjoe_arrival_reflecting_pool, layout_rooms, serial_shops, shop,
          nicolae_square_shop, nicolae_shop_overgrown_old_shop,
          chequers_ecumenical_altar_twisty
D:2:      layout_basic
D:3:      minmay_chambers_of_twos, layout_basic, kennysheep_ying_yang,
          minmay_crystal_room, chequers_jeans, uniq_terence, uniq_grinder,
          uniq_ijyb, uniq_jessica, uniq_sigmund
D:4:      layout_rooms, palyth_temple_overflow_mages
D:5:      layout_basic, uniq_prince_ribbit1
D:6:      layout_loops_cross, grunt_gozag_breadcrumbs, grunt_dithmenos_smoke,
          minmay_temple_entry_arrows, uniq_menkaure
Temple:   jpeg_temple_island

Skill      XL: |  1  2  3  4  5  6  7  8 |
---------------+-------------------------+-----
Fighting       | 4 5 6 7 8 9 11 12 | 12.0
Armour         | 3 |  3.9
Dodging        | 4 |  4.5
Shields        | 1 |  1.4
Long Blades    | |  3.6
Stealth        | |  1.5

Action                   |  1- 3 |  4- 6 |  7- 9 || total
-------------------------+-------+-------+-------++-------
Melee: Falchion          |    66 |    92 |   181 ||   339
       Headbutt          |    13 |    30 |    36 ||    79
Throw: Throwing net      |       |     2 |       ||     2
       Dart              |       |     7 |       ||     7
  Use: Scroll            |       |       |     4 ||     4
       Potion            |       |       |     3 ||     3
 Stab: Sleeping          |     4 |       |       ||     4
       Held in net/web   |       |     1 |       ||     1
       Distracted        |       |       |     1 ||     1
Armor: Robe              |     8 |       |       ||     8
       Leather armour    |     1 |    37 |    82 ||   120
Dodge: Dodged            |    36 |    58 |   134 ||   228
Block: Kite shield       |       |       |    27 ||    27
       Rpst.: Falchion   |    13 |    13 |    35 ||    61
